 Dungeon Crawl Stone Soup version 0.30-a0-920-g7493c07aab (webtiles) character file.

Game seed: 3256883854607461296

64 cforsyth the Covered (level 4, -1/35 HPs)
             Began as a Human Fighter on Mar 22, 2023.
             Slain by Sigmund
             ... wielding a +0 scythe
              (9 damage)
             ... on level 2 of the Dungeon.
             The game lasted 00:02:28 (1270 turns).

cforsyth the Covered (Human Fighter)                Turns: 1270, Time: 00:02:29

Health: -1/35      AC:  8    Str: 18    XL:     4   Next: 32%
Magic:  4/4        EV:  9    Int:  8    God:
Gold:   116        SH:  5    Dex: 13    Spells: 3/3 levels left

rFire   . . .      SeeInvis .    a - +0 flail
rCold   . . .      Faith    .    c - +0 buckler
rNeg    . . .      Spirit   .    b - +0 scale mail
rPois   .          Reflect  .    k - +0 helmet
rElec   .          Rampage  .    (no cloak)
rCorr   .                        (no gloves)
Will    .....                    (no boots) Stlth
                                 (no amulet)
HPRegen 0.25/turn                (no ring)
MPRegen 0.09/turn                (no ring)

@: mighty
A: no striking features
a: no special abilities


You were on level 2 of the Dungeon.
You visited 1 branch of the dungeon, and saw 2 of its levels.

You collected 116 gold pieces.

Inventory:

Hand Weapons
 a - a +0 flail (weapon)
Armour
 b - a +0 scale mail (worn)
 c - a +0 buckler (worn)
 k - a +0 helmet (worn)
Jewellery
 e - an amulet of magic regeneration
Scrolls
 g - a scroll of vulnerability {unknown}
 i - 3 scrolls of teleportation {unknown}
 l - 2 scrolls of identify {unknown}
 m - a scroll of blinking {unknown}
 n - a scroll of poison {unknown}
Potions
 f - a potion of magic {unknown}
 h - a potion of curing {unknown}
 j - 2 potions of haste {unknown}


   Skills:
 + Level 3.5 Fighting
 + Level 2.6 Maces & Flails
 + Level 3.5 Armour
 + Level 3.5 Shields


You had 3 spell levels left.
You didn't know any spells.
Your spell library was empty.

Dungeon Overview and Level Annotations

Branches:
Dungeon (2/15)

Altars:

Shops:
D:1 *!?

Annotations:
D:2 Sigmund


Message History

Sigmund says, "You will soon forget everything."
Sigmund closely misses you.
You hit Sigmund.
Sigmund is lightly wounded.
Sigmund hits you with a +0 scythe.
You barely miss Sigmund.
Sigmund is lightly wounded.
Sigmund hits you but does no damage.
You thump Sigmund!
Sigmund is heavily wounded.
Sigmund hits you with a +0 scythe.
You closely miss Sigmund.
Sigmund is heavily wounded.
Sigmund hits you with a +0 scythe.
You barely miss Sigmund.
Sigmund is heavily wounded.
You sock Sigmund!
Sigmund is severely wounded.
Sigmund drinks a potion.
Sigmund is healed!
Sigmund hits you with a +0 scythe!
You barely miss Sigmund.
Sigmund is moderately wounded.
You barely miss Sigmund.
Sigmund is moderately wounded.
Sigmund barely misses you.
You barely miss Sigmund.
Sigmund is moderately wounded.
You block Sigmund's attack.
You hit Sigmund.
Sigmund is moderately wounded.
Sigmund hits you with a +0 scythe.
You closely miss Sigmund.
Sigmund is moderately wounded.
You block Sigmund's attack.
You closely miss Sigmund.
Sigmund is moderately wounded.
Sigmund hits you with a +0 scythe.
* * * LOW HITPOINT WARNING * * *
You feel very mighty all of a sudden. Sigmund hits you with a +0 scythe!
You die...

####### ##### ##.....##.....##
##...)..........#
#................
#..................# #
####..................# #
......................#
####.###....?.............#
......##..†.....@@....>...#######
......###.......................#
...... ##..)..#................#
..#########..##...####..........#
.....................<†.........#
#..................###..........#
####...........###.##..###......#
# #.........#.# .....###......#
####..............##.#.......####


You could see Sigmund.

Vanquished Creatures
  A hound (D:2)
  A dart slug (D:1)
  3 bats
  4 endoplasms
  3 hobgoblins
  2 quokkas (D:1)
  6 ball pythons
  3 frilled lizards
  4 goblins
  5 kobolds (D:1)
  A rat (D:1)
33 creatures vanquished.

Notes
Turn   | Place    | Note
-------+----------+-------------------------------------------
     0 | D:1      | cforsyth the Human Fighter began the quest for the Orb.
     0 | D:1      | Reached XP level 1. HP: 18/18 MP: 1/1
    21 | D:1      | Found Ycsu's Magic Scroll Shop.
   155 | D:1      | Reached XP level 2. HP: 19/24 MP: 2/2
   212 | D:1      | Found Ikesil's Assorted Antiques.
   265 | D:1      | Found Xuovank's Distillery.
   464 | D:1      | Reached XP level 3. HP: 19/29 MP: 3/3
   541 | D:1      | Found Muohaf's Weapon Shoppe.
   991 | D:2      | Noticed Sigmund
  1164 | D:2      | Reached XP level 4. HP: 30/35 MP: 4/4
  1270 | D:2      | Slain by Sigmund

Illustrated notes

Levels and vault maps discovered:
D:1:      dpeg_arrival_arbitrary_b, layout_basic, serial_shops, shop,
          nicolae_lakefront_shop, shop, nicolae_shop_hallway_plus,
          hangedman_abyss_or_decor_lesser_grid
D:2:      layout_rooms, uniq_sigmund

Action                     |  1- 3 |  4- 6 || total
---------------------------+-------+-------++-------
  Melee: Flail             |    84 |    19 ||   103
    Use: Potion            |       |     1 ||     1
 Armour: Scale mail        |    71 |     4 ||    75
  Dodge: Dodged            |    55 |     5 ||    60
  Block: Buckler           |    29 |     3 ||    32

Table legend: (Time is in decaauts)
 A = Elapsed time spent in this place.
 B = Non-inter-level travel time spent in this place.
 C = Inter-level travel time spent in this place.
 D = Time resting spent in this place.
 E = Time spent auto-exploring this place.
 F = Levels seen in this place.
 G = Mean time per level.
                   A        B        C        D        E       F      G
               +--------+--------+--------+--------+--------+-----+--------+
         Total |   1302 |   1241 |     61 |      0 |    892 |   2 |  651.0 |
       Dungeon |   1302 |   1241 |     61 |      0 |    892 |   2 |  651.0 |
               +--------+--------+--------+--------+--------+-----+--------+

Top non-repeatable levels by time:
     D:1: 1008 daAuts
     D:2: 294 daAuts
